AoeStats
← Wollolo

Arena

508517832Analyzed
4v4 RM · 9d ago on Sep 22, 2026· 56m 40s· 8 players
Game mode
Random Map
Map size
Large (8 player)
Population
200
Speed
Normal
Resources
Standard
Victory
Conquest
Starting age
Dark Age
Ending age
Imperial Age
RankedLock teamsTeams togetherTeam positionsShared explorationLock speedFull tech treeHidden civsTurbo modeCheats
Victory
Defeat
🇺🇸 Tatars · United States
1004
+9
🇺🇸 Aztecs · United States
967
+10
🇺🇸 Goths · United States
914
+12
🇺🇸 Celts · United States
757
+18
🇫🇷 Bohemians · France
848
-13
🇬🇧 Persians · United Kingdom
846
-13
🇪🇸 Slavs · Spain
844
-13
🇬🇧 Huns · United Kingdom
772
-10
Dagobert
10:38 Feudal Age
15:07 Castle Age
13:08 Double-Bit Axe
14:01 Horse Collar
17:24 Stone Mining
18:29 Wheelbarrow
19:02 Bow Saw
21:34 Heavy Plow
21:54 Detinets
23:24 Loom
24:24 Hand Cart
23:37 Man-at-Arms
27:29 Long Swordsman
28:13 Gold Mining
37:17 Bloodlines
37:09 Husbandry
36:31 Light Cavalry
40:12 Forging
43:01 Iron Casting
47:55 Scale Barding Armor
56:06 Imperial Age
fred.ferrone
5:43 Loom
11:15 Feudal Age
12:00 Double-Bit Axe
11:58 Horse Collar
14:19 Wheelbarrow
13:37 Gold Mining
13:38 Stone Mining
19:55 Castle Age
20:50 Heavy Plow
21:03 Bow Saw
24:26 Caravan
26:11 Scale Barding Armor
26:57 Forging
26:54 Husbandry
28:28 Hand Cart
28:59 Bloodlines
28:55 Marauders
31:59 Gold Shaft Mining
31:55 Chain Barding Armor
32:11 Iron Casting
36:40 Imperial Age
36:51 Elite Tarkan
38:47 Blast Furnace
38:06 Devotion
38:59 Plate Barding Armor
40:58 Masonry
40:49 Murder Holes
Wollolo
11:36 Feudal Age
12:51 Horse Collar
17:58 Castle Age
16:22 Double-Bit Axe
19:28 Heavy Plow
21:17 Chemistry
24:58 Fletching
25:08 Padded Archer Armor
25:51 Padded Archer Armor
28:27 Bodkin Arrow
28:47 Leather Archer Armor
29:58 Wheelbarrow
30:29 Ballistics
34:05 Imperial Age
31:54 Hand Cart
35:27 Caravan
38:55 Conscription
39:33 Bracer
40:13 Ring Archer Armor
42:10 Pikeman
43:27 Forging
43:17 Scale Mail Armor
43:25 Halberdier
45:18 Iron Casting
45:03 Chain Mail Armor
46:04 Squires
45:50 Arson
46:41 Wagenburg Tactics
47:59 Blast Furnace
47:29 Plate Mail Armor
pro.secco
11:53 Feudal Age
17:07 Castle Age
16:05 Double-Bit Axe
16:28 Gold Mining
22:49 Bow Saw
22:10 Pikeman
36:46 Imperial Age
34:54 Wheelbarrow
34:48 Horse Collar
35:27 Forging
35:18 Scale Mail Armor
35:23 Scale Barding Armor
35:09 Fletching
35:19 Padded Archer Armor
36:14 Caravan
36:32 Cavalier
38:32 Savar
41:16 Iron Casting
40:57 Chain Mail Armor
41:02 Chain Barding Armor
40:38 Bodkin Arrow
40:58 Leather Archer Armor
41:53 Two-Man Saw
41:00 Heavy Plow
45:34 Blast Furnace
45:04 Plate Mail Armor
45:42 Crop Rotation
45:49 Plate Barding Armor
50:52 Hand Cart
Quipuol
11:06 Feudal Age
12:12 Loom
16:34 Castle Age
16:56 Bloodlines
16:55 Scale Barding Armor
16:51 Double-Bit Axe
16:48 Horse Collar
22:52 Heavy Plow
24:37 Wheelbarrow
26:10 Hand Cart
26:27 Husbandry
29:15 Chain Barding Armor
29:29 Forging
30:10 Bow Saw
30:14 Silk Armor
30:33 Light Cavalry
34:04 Imperial Age
32:32 Iron Casting
34:35 Gold Mining
34:25 Hussar
36:17 Crop Rotation
36:26 Gold Shaft Mining
35:24 Elite Keshik
37:35 Plate Barding Armor
39:05 Blast Furnace
41:21 Heavy Camel Rider
46:31 Chemistry
45:52 Ballistics
45:48 Siege Engineers
46:21 Timurid Siegecraft
48:34 Elite Skirmisher
48:34 Heavy Cavalry Archer
55:06 Fletching
ramcrammer
5:14 Loom
12:53 Feudal Age
14:42 Double-Bit Axe
17:21 Castle Age
16:41 Horse Collar
21:50 Imperial Age
19:45 Bow Saw
20:37 Gold Mining
22:29 Sanctity
24:48 Block Printing
26:09 Conscription
27:20 Illumination
31:00 Redemption
30:57 Heavy Plow
33:18 Pikeman
39:00 Wheelbarrow
39:40 Squires
39:42 Scale Mail Armor
40:36 Fervor
41:04 Theocracy
41:15 Fletching
42:28 Chemistry
42:08 Atlatl
42:30 Garland Wars
41:34 Elite Skirmisher
42:21 Bodkin Arrow
42:26 Padded Archer Armor
43:00 Hand Cart
45:07 Bracer
45:23 Chain Mail Armor
45:24 Leather Archer Armor
48:10 Ballistics
48:22 Plate Mail Armor
48:03 Forging
51:20 Iron Casting
51:27 Siege Engineers
53:44 Arson
55:23 Blast Furnace
54:04 Sappers
55:33 Elite Jaguar Warrior
56:06 Capped Ram
56:07 Onager
Pablo Sanchez
2:27 Loom
10:50 Feudal Age
15:37 Castle Age
13:52 Double-Bit Axe
14:41 Horse Collar
20:33 Bow Saw
21:47 Forging
21:38 Scale Mail Armor
24:07 Gold Mining
24:52 Chain Mail Armor
25:13 Iron Casting
24:53 Gambesons
29:41 Wheelbarrow
33:08 Imperial Age
31:54 Pikeman
32:22 Arson
35:53 Blast Furnace
34:17 Elite Woad Raider
36:01 Plate Mail Armor
36:01 Hand Cart
36:52 Halberdier
38:01 Conscription
39:01 Furor Celtica
41:48 Capped Ram
43:32 Siege Ram
53:13 Onager
coco
4:40 Loom
11:05 Feudal Age
15:13 Castle Age
14:23 Scale Mail Armor
14:33 Forging
14:13 Double-Bit Axe
29:17 Forging
34:40 Bow Saw
35:21 Wheelbarrow
34:42 Horse Collar
35:34 Chain Mail Armor
37:19 Anarchy
37:41 Hand Cart
41:18 Imperial Age
40:13 Heavy Plow
40:08 Town Watch
41:12 Town Patrol
43:48 Iron Casting
42:44 Elite Huskarl
Connection lost

Rejoining the realm…

Still unreachable

The connection could not be restored.

Session expired

The server has moved on; the page needs a fresh start.